woodfighter, chaotic female orcish Cavewoman @ woodfighter the Cave Woman Experience level: 10 Strength: 18/01 Dexterity: 17 Constitution: 18 Intelligence: 10 Wisdom: 10 Charisma: 8 Health: 0(83) Energy: 32(32) Def: 20 Gold: 23 Moves: 14995 Dungeon seed: -_sW8Rzl2eJgy37e Game ID: woodfighter_1488571485 Your Inventory: Coins $ - 23 gold pieces Weapons a - a +1 club (weapon in hand) b - a +2 sling (alternate weapon; not wielded) Armor o - an uncursed +1 cloak of displacement (being worn) p - an uncursed +0 pair of leather gloves z - a blessed greased +3 gray dragon scale mail (being worn) C - an uncursed +0 pair of elven boots (being worn) E - an uncursed thoroughly rusty +0 helmet (being worn) T - an uncursed +0 pair of gauntlets of dexterity (being worn) U - an uncursed +0 elven shield (being worn) Comestibles D - 6 uncursed food rations J - an uncursed fortune cookie M - an uncursed carrot Z - an uncursed lizard corpse Wands h - a wand of fire (0:3) S - a wand of digging (0:6) Tools q - a +0 unicorn horn s - an uncursed bag of holding y - an uncursed skeleton key W - an uncursed towel Gems e - 7 uncursed flints (in quiver) n - an uncursed luckstone Contents of the bag of holding: 56 gold pieces an uncursed [+0] dwarvish cloak an uncursed +0 mummy wrapping an uncursed eucalyptus leaf an uncursed lizard corpse an uncursed sprig of wolfsbane an uncursed scroll of enchant weapon a cursed scroll of gold detection an uncursed [+0] pick-axe an uncursed [+0] unicorn horn Spells and supernatural/magical abilities: Name Level Category Fail Memory W - pray for help -- divine ? -- Your skills at the end: Miscellaneous Skills bare handed combat [Basic] Weapon Skills scimitar [Basic] club [Expert] sling [Basic] Spellcasting Skills Final Attributes: You were piously aligned. You were sleep resistant. You were poison resistant. You were magic-protected. You were telepathic. You had infravision. You were invisible. You were displaced. You were very stealthy. You were swallowed by a fire vortex. You were protected. You were fast. You were lucky. You had extra luck. Bad luck did not time out for you. Good luck did not time out for you. You are dead. Vanquished creatures: a vampire lord a vampire 2 giant mimics 2 large mimics 9 wargs 2 quantum mechanics 5 small mimics a glass piercer a warhorse a xan an ettin mummy 2 wood golems a large dog a shocking sphere a large cat 2 tigers a gargoyle 3 tengu an ochre jelly 2 crocodiles a red naga a succubus 2 giant beetles a cockatrice 2 wolves a black light a panther 6 leprechauns a spotted jelly 2 lizards 2 giant spiders 3 iron piercers 4 horses an ice vortex 2 gnome kings 5 orc mummies 2 brown puddings 2 rust monsters 2 yetis a werewolf a chickatrice a dog a dingo a housecat 2 jaguars 2 dwarf lords a blue jelly 2 white unicorns 2 gray unicorns 2 dust vortices a raven a plains centaur 2 gnome mummies 3 Woodland-elves 2 snakes an ape a human zombie 4 soldier ants 2 fire ants 3 yellow lights 7 bugbears 2 quasits a baby crocodile an Uruk-hai 3 rock piercers a pony 2 fog clouds a shrieker 15 gnome lords 6 gnomish wizards 3 kobold mummies a guardian naga hatchling 2 gray oozes 3 elf zombies 4 ghouls a straw golem 2 paper golems 3 giant ants 2 puppies 5 floating eyes 5 kittens 18 dwarves 2 homunculi a kobold lord 2 kobold shamans 5 iguanas 2 hill orcs 13 rothes a rabid rat a centipede 6 jitterbugs 5 giant bats a monkey 4 orc zombies 4 dwarf zombies 14 killer bees 5 coyotes a gas spore 4 hobbits 2 acid blobs 4 large kobolds 8 geckos 7 hobgoblins 4 giant rats 8 cave spiders a brown mold 2 green molds 3 red molds 55 gnomes 4 garter snakes 5 manes 4 gnome zombies 8 jackals 2 foxes a kobold 9 newts a goblin 4 sewer rats 8 grid bugs 7 lichens 3 kobold zombies 426 creatures vanquished. Voluntary challenges: You did not have reflection. You had been an atheist until turn 2461. You used a wielded weapon 898 times, starting on turn 22. You did not use plumbed fixtures. You read items or engraved 5 times, starting on turn 4787. You never genocided any monsters. You never polymorphed an object. You never changed form. You completed Sokoban on turn 7205, according to the rules. You used 1 wish, starting on turn 12601. You did not wish for any artifacts. You never split a pudding. You never wrote Elbereth's name. You violated your moral code, losing 1 point of alignment, starting on turn 6753. Dungeon overview: The Dungeons of Doom: levels 1 to 13 Level 1 a fountain a long staircase Level 2 (vault) a general store, a sink Level 3 (locked box) a fountain stairs to The Gnomish Mines Level 4 (vault) an armor shop, a fountain Level 5 a fountain Level 6 ( ) a fountain, a sink Level 7 a general store, a fountain Level 8 a fountain Level 9 many fountains Level 10 (vault) stairs to Sokoban Level 11 a fountain, a sink Level 12 a temple to Ishtar, a sink Level 13 (big room) <- You were here some fountains The Gnomish Mines: levels 4 to 11 Level 4 stairs to The Dungeons of Doom Level 5 Level 6 Level 7 many shops, a temple to Anu, a magic chest, some fountains Level 8 Level 9 Level 10 Level 11 a magic chest, some fountains Sokoban: levels 6 to 9 Level 6 a magic chest Level 7 Level 8 Level 9 an altar to Moloch, a magic chest stairs to The Dungeons of Doom History has recorded: On T:1 you entered the Dungeons of Doom to retrieve the Amulet of Yendor! On T:58 you reached level 2 of The Dungeons of Doom. On T:383 you reached level 3 of The Dungeons of Doom. On T:533 you advanced to experience level 2. On T:813 you reached level 4 of The Dungeons of Doom. On T:866 you advanced to experience level 3. On T:1208 you reached level 1 of The Gnomish Mines. On T:1252 you advanced to experience level 4. On T:1518 you reached level 5 of The Dungeons of Doom. On T:1941 you advanced to experience level 5. On T:2219 you reached level 6 of The Dungeons of Doom. On T:2461 you prayed to Anshar. On T:2501 you advanced to experience level 6. On T:2506 you reached level 7 of The Dungeons of Doom. On T:2773 you prayed to Anshar. On T:3189 you advanced to experience level 7. On T:3337 you prayed to Anshar. On T:3353 you reached level 8 of The Dungeons of Doom. On T:3555 you reached level 9 of The Dungeons of Doom. On T:3732 you reached level 10 of The Dungeons of Doom. On T:3946 you reached level 4 of Sokoban. On T:4101 you reached level 11 of The Dungeons of Doom. On T:4785 you opened a magic chest. On T:4983 you prayed to Anshar. On T:4998 you reached level 3 of Sokoban. On T:5438 you advanced to experience level 8. On T:5490 you reached level 2 of Sokoban. On T:6058 you prayed to Anshar. On T:6255 you reached level 1 of Sokoban. On T:6745 you prayed to Anshar. On T:7205 you advanced to experience level 9. On T:7205 you entered the Sokoban zoo. On T:8053 you reached level 2 of The Gnomish Mines. On T:8598 you reached level 3 of The Gnomish Mines. On T:9062 you reached level 4 of The Gnomish Mines. On T:9247 you entered the Minetown temple On T:9552 you reached level 5 of The Gnomish Mines. On T:9705 you reached level 6 of The Gnomish Mines. On T:10244 you reached level 7 of The Gnomish Mines. On T:10467 you reached level 8 of The Gnomish Mines. On T:10467 you reached the bottom of the Mines. On T:10777 you advanced to experience level 10. On T:12601 you wished for "+3 blessed fixed greased gray dragon scale mail". On T:13237 you reached level 12 of The Dungeons of Doom. On T:13604 you reached level 13 of The Dungeons of Doom. Score breakdown: Gold: 79 ( 7 points) Experience: 10 levels ( 900 points) Exploration: 13 levels ( 360 points) Discoveries: 36 items ( 1800 points) Variety of kills: 121 monsters ( 2000 points) Major goal: Sokoban/Mines ( 1500 points) Survival: died (score multiplied by 3) Total score: 19701 Latest messages: e - an uncursed flint (in quiver). You hear a gurgling noise. You are now wielding your club. b - a +2 sling (alternate weapon; not wielded). You finish searching. The hobbit picks up 8 rocks. The hobbit bumps right into you! You kill the hobbit! There are a few objects here. You named this level: big room. The white unicorn misses. (2x) The gold golem claws you! (2x) The raven misses. (2x) The fire vortex engulfs you! You are burning to a crisp! You hit the fire vortex! You are burning to a crisp! You hit the fire vortex! You are suddenly very hot! You are burning to a crisp! (2x) You hit the fire vortex! You are burning to a crisp! You hit the fire vortex! You are suddenly very hot! You hit the fire vortex! You are suddenly very hot! You die... Final status: Goodbye woodfighter the Cavewoman, killed by a fire vortex... You died in The Dungeons of Doom on dungeon level 13 with 19701 points, and 79 pieces of gold, after 14995 moves. You were level 10 with a maximum of 83 hit points when you died.